ORI
UNIVERSITY OF MAINE BLACK BEARS @ UNIVERSITY OF GEORGIA BULLDOGS
11/18/2044
 
TOP OF THE 1ST
Lake Elsinore Storm batting - Pitching for Myrtle Beach Pelicans : LHP Giomar Fubini
Pitching: LHP Giomar Fubini
Batting: RHB Jose Yanez 0-0: Called Strike
0-1: Called Strike
0-2: Strikes out swinging
Batting: SHB Daniel Antigua 0-0: Ball
1-0: Called Strike
1-1: Swinging Strike
1-2: Ground out 6-3 (Groundball, 6, EV 90.6 MPH)
Batting: RHB Alois Wollf 0-0: Called Strike
0-1: SINGLE (Groundball, 5S, EV 66.9 MPH) (infield hit)
Batting: RHB Travis Fish 0-0: Ball
Alois Wollf steals 2nd base
1-0: SINGLE (Flyball, 8RS, EV 94.4 MPH)
Alois Wollf to third
Runner from 3rd tries for Home, SAFE, throw by CF to home
Batting: LHB Giovannino Galliano 0-0: Swinging Strike
0-1: Called Strike
0-2: Ball
1-2: Ball
2-2: Foul Ball, location: 2F
2-2: Ball
3-2: Ground out 2-3 (Groundball, 13S, EV 67.5 MPH)
Top of the 1st over - 1 run, 2 hits, 0 errors, 1 left on base; Lake Elsinore 1 - Myrtle Beach 0
BOTTOM OF THE 1ST
Myrtle Beach Pelicans batting - Pitching for Lake Elsinore Storm : LHP Justin Dine
Pitching: LHP Justin Dine
Batting: RHB Bobby Valdez 0-0: Called Strike
0-1: Swinging Strike
0-2: Ball
1-2: Strikes out looking and he ARGUES THE CALL AND IS TOSSED!
Batting: LHB Tony Santiago 0-0: Ball
1-0: Ball
2-0: Ball
3-0: Called Strike
3-1: Fly out, F8 (Flyball, 89M, EV 90.0 MPH)
Batting: LHB Zack Lloyd 0-0: Ball
1-0: Ball
2-0: Ball
3-0: Called Strike
3-1: Foul Ball, location: 2F
3-2: Strikes out looking
Bottom of the 1st over - 0 runs, 0 hits, 0 errors, 0 left on base; Lake Elsinore 1 - Myrtle Beach 0
TOP OF THE 2ND
Lake Elsinore Storm batting - Pitching for Myrtle Beach Pelicans : LHP Giomar Fubini
Now at 2B: Eddie Tetzlaff
Batting: RHB Arnout Schavemaker 0-0: Called Strike
0-1: Called Strike
0-2: Strikes out swinging
Batting: RHB Mick Corrigan 0-0: Called Strike
0-1: Reached via error on a dropped throw from 2B, E3 (Groundball, 4, EV 83.8 MPH)
Batting: SHB Javier Aviles 0-0: Foul Ball, location: 2F
0-1: Ball
1-1: Called Strike
1-2: Ball
2-2: Fly out, F8 (Flyball, 8RS, EV 85.6 MPH)
Batting: LHB Justin Dine 0-0: Called Strike
0-1: Called Strike
0-2: Ball
1-2: Strikes out swinging
Top of the 2nd over - 0 runs, 0 hits, 1 error, 1 left on base; Lake Elsinore 1 - Myrtle Beach 0
BOTTOM OF THE 2ND
Myrtle Beach Pelicans batting - Pitching for Lake Elsinore Storm : LHP Justin Dine
Batting: RHB Gregorio Morales 0-0: SINGLE (Groundball, 34D, EV 98.8 MPH)
Batting: LHB Eric McIver 0-0: Called Strike
0-1: Fly out, F8 (Flyball, 8RS, EV 86.9 MPH)
Batting: RHB Guillermo Rios 0-0: Called Strike
0-1: Called Strike
0-2: Strikes out looking
Batting: RHB Roberto Rivera 0-0: Called Strike
0-1: Ball
1-1: SINGLE (Line Drive, 34, EV 96.3 MPH)
Gregorio Morales to second
Batting: RHB Chad Howe 0-0: Called Strike
0-1: Foul Ball, location: 2F
0-2: Ball
1-2: Foul Ball, location: 2F
1-2: Ball
2-2: Foul Ball, location: 2F
2-2: Ground out 4-3 (Groundball, 4, EV 88.1 MPH)
Bottom of the 2nd over - 0 runs, 2 hits, 0 errors, 2 left on base; Lake Elsinore 1 - Myrtle Beach 0
TOP OF THE 3RD
Lake Elsinore Storm batting - Pitching for Myrtle Beach Pelicans : LHP Giomar Fubini
Batting: RHB Jose Yanez 0-0: Ground out 4-3 (Groundball, 4, EV 100.0 MPH)
Batting: SHB Daniel Antigua 0-0: Swinging Strike
0-1: Ground out 6-3 (Groundball, 6, EV 80.0 MPH)
Batting: RHB Alois Wollf 0-0: Ball
1-0: Ball
2-0: Swinging Strike
2-1: Foul Ball, location: 2F
2-2: Strikes out swinging
Top of the 3rd over - 0 runs, 0 hits, 0 errors, 0 left on base; Lake Elsinore 1 - Myrtle Beach 0
BOTTOM OF THE 3RD
Myrtle Beach Pelicans batting - Pitching for Lake Elsinore Storm : LHP Justin Dine
Batting: RHB Giomar Fubini 0-0: Ground out 6-3 (Groundball, 6D, EV 110.0 MPH)
Batting: SHB Eddie Tetzlaff 0-0: Ball
1-0: Bunt missed!
1-1: Ball
2-1: Ball
3-1: Swinging Strike
3-2: Strikes out swinging
Batting: LHB Tony Santiago 0-0: Called Strike
0-1: Ball
1-1: Foul Ball, location: 2F
1-2: Foul Ball, location: 2F
1-2: Strikes out swinging
Bottom of the 3rd over - 0 runs, 0 hits, 0 errors, 0 left on base; Lake Elsinore 1 - Myrtle Beach 0
TOP OF THE 4TH
Lake Elsinore Storm batting - Pitching for Myrtle Beach Pelicans : LHP Giomar Fubini
Batting: RHB Travis Fish 0-0: Ball
1-0: Ball
2-0: SINGLE (Line Drive, 89S, EV 95.0 MPH)
Batting: LHB Giovannino Galliano 0-0: Swinging Strike
0-1: Ball
1-1: Ball
2-1: Called Strike
2-2: Ball
3-2: Grounds into double play, 4-6-3 (Groundball, 34D, EV 103.8 MPH)
Batting: RHB Arnout Schavemaker 0-0: Called Strike
0-1: Ball
1-1: Fly out, F8 (Flyball, 8RS, EV 85.6 MPH)
Top of the 4th over - 0 runs, 1 hit, 0 errors, 0 left on base; Lake Elsinore 1 - Myrtle Beach 0
BOTTOM OF THE 4TH
Myrtle Beach Pelicans batting - Pitching for Lake Elsinore Storm : LHP Justin Dine
Batting: LHB Zack Lloyd 0-0: Swinging Strike
0-1: Called Strike
0-2: Ball
1-2: Strikes out looking
Batting: RHB Gregorio Morales 0-0: Ball
1-0: Ball
2-0: Fly out, F4 (Popup, 4M, EV 63.1 MPH)
Batting: LHB Eric McIver 0-0: Ball
1-0: Fly out, F8 (Flyball, 8RS, EV 96.3 MPH)
Bottom of the 4th over - 0 runs, 0 hits, 0 errors, 0 left on base; Lake Elsinore 1 - Myrtle Beach 0
TOP OF THE 5TH
Lake Elsinore Storm batting - Pitching for Myrtle Beach Pelicans : LHP Giomar Fubini
Batting: RHB Mick Corrigan 0-0: Foul Ball, location: 2F
0-1: Called Strike
0-2: Foul Ball, location: 2F
0-2: Ball
1-2: Strikes out swinging
Batting: SHB Javier Aviles 0-0: SINGLE (Groundball, 56D, EV 95.6 MPH)
Batting: LHB Justin Dine 0-0: Called Strike
0-1: Sac Bunt to 13 - play at first, batter OUT! 1-4
Javier Aviles to second
Batting: RHB Jose Yanez 0-0: Swinging Strike
0-1: Ball
Wild Pitch!
Javier Aviles to third
1-1: Swinging Strike
1-2: Ball
2-2: Foul Ball, location: 2F
2-2: Foul Ball, location: 2F
2-2: Strikes out swinging
Top of the 5th over - 0 runs, 1 hit, 0 errors, 1 left on base; Lake Elsinore 1 - Myrtle Beach 0
BOTTOM OF THE 5TH
Myrtle Beach Pelicans batting - Pitching for Lake Elsinore Storm : LHP Justin Dine
Batting: RHB Guillermo Rios 0-0: Called Strike
0-1: Ground out 4-3 (Groundball, 34, EV 106.3 MPH)
Batting: RHB Roberto Rivera 0-0: Called Strike
0-1: Fly out, F9 (Flyball, 9LM, EV 92.5 MPH)
Batting: RHB Chad Howe 0-0: Ball
1-0: Called Strike
1-1: Foul Ball, location: 2F
1-2: Fly out, F4 (Popup, 3D, EV 51.9 MPH)
Bottom of the 5th over - 0 runs, 0 hits, 0 errors, 0 left on base; Lake Elsinore 1 - Myrtle Beach 0
TOP OF THE 6TH
Lake Elsinore Storm batting - Pitching for Myrtle Beach Pelicans : LHP Giomar Fubini
Pitching: RHP Edgar Valdez
Now in LF: Dave Wheeler
Batting: SHB Daniel Antigua 0-0: Ball
1-0: Swinging Strike
1-1: Fly out, F4 (Popup, 4D, EV 48.1 MPH)
Batting: RHB Alois Wollf 0-0: Ball
1-0: Called Strike
1-1: Foul Ball, location: 2F
1-2: Strikes out swinging
Batting: RHB Travis Fish 0-0: Ball
1-0: Ball
2-0: Foul Ball, location: 2F
2-1: Ground out 6-3 (Groundball, 6, EV 86.3 MPH)
Top of the 6th over - 0 runs, 0 hits, 0 errors, 0 left on base; Lake Elsinore 1 - Myrtle Beach 0
BOTTOM OF THE 6TH
Myrtle Beach Pelicans batting - Pitching for Lake Elsinore Storm : LHP Justin Dine
Batting: LHB Dave Wheeler 0-0: Foul Ball, location: 2F
0-1: Ball
1-1: Called Strike
1-2: Foul Ball, location: 2F
1-2: Ground out U3 (Groundball, 3, EV 101.3 MPH)
Batting: SHB Eddie Tetzlaff 0-0: Swinging Strike
0-1: Swinging Strike
0-2: Ball
1-2: Strikes out swinging
Batting: LHB Tony Santiago 0-0: Called Strike
0-1: Foul Ball, location: 2F
0-2: Ball
1-2: Ball
2-2: Foul Ball, location: 2F
2-2: Strikes out swinging
Bottom of the 6th over - 0 runs, 0 hits, 0 errors, 0 left on base; Lake Elsinore 1 - Myrtle Beach 0
TOP OF THE 7TH
Lake Elsinore Storm batting - Pitching for Myrtle Beach Pelicans : RHP Edgar Valdez
Batting: LHB Giovannino Galliano 0-0: Reached on error, E6 (Groundball, 4, EV 87.5 MPH)
Batting: RHB Arnout Schavemaker 0-0: Ball
1-0: 2-RUN HOME RUN (Flyball, 7LD, EV 104.4 MPH), Distance : 369 ft
Batting: RHB Mick Corrigan 0-0: Ball
1-0: Foul Ball, location: 2F
1-1: Called Strike
1-2: Strikes out swinging
Batting: SHB Javier Aviles 0-0: Fly out, F8 (Flyball, 8LM, EV 83.8 MPH)
Batting: LHB Justin Dine 0-0: DOUBLE (Groundball, 5L, EV 106.9 MPH)
Batting: RHB Jose Yanez 0-0: Called Strike
0-1: Foul Ball, location: 2F
0-2: Foul Ball, location: 2F
0-2: Ground out 6-3 (Groundball, 6M, EV 100.0 MPH)
Top of the 7th over - 2 runs, 2 hits, 1 error, 1 left on base; Lake Elsinore 3 - Myrtle Beach 0
BOTTOM OF THE 7TH
Myrtle Beach Pelicans batting - Pitching for Lake Elsinore Storm : LHP Justin Dine
Batting: LHB Zack Lloyd 0-0: Ball
1-0: Called Strike
1-1: Fly out, F9 (Flyball, 9, EV 87.5 MPH)
Batting: RHB Gregorio Morales 0-0: Called Strike
0-1: Called Strike
0-2: Strikes out looking
Batting: LHB Eric McIver 0-0: Ball
1-0: Called Strike
1-1: Ball
2-1: Ground out 4-3 (Groundball, 34, EV 100.0 MPH)
Bottom of the 7th over - 0 runs, 0 hits, 0 errors, 0 left on base; Lake Elsinore 3 - Myrtle Beach 0
TOP OF THE 8TH
Lake Elsinore Storm batting - Pitching for Myrtle Beach Pelicans : RHP Edgar Valdez
Batting: SHB Daniel Antigua 0-0: Swinging Strike
0-1: Foul Ball, location: 2F
0-2: Strikes out swinging
Batting: RHB Alois Wollf 0-0: Foul Ball, location: 2F
0-1: Called Strike
0-2: Strikes out looking
Batting: RHB Travis Fish 0-0: Called Strike
0-1: SINGLE (Flyball, 5D, EV 92.5 MPH)
Batting: LHB Giovannino Galliano 0-0: Ball
Travis Fish is caught stealing 2nd base 2-6
Top of the 8th over - 0 runs, 1 hit, 0 errors, 0 left on base; Lake Elsinore 3 - Myrtle Beach 0
BOTTOM OF THE 8TH
Myrtle Beach Pelicans batting - Pitching for Lake Elsinore Storm : LHP Justin Dine
Batting: RHB Guillermo Rios 0-0: Ball
1-0: Ball
2-0: Swinging Strike
2-1: Called Strike
2-2: Ground out 6-3 (Groundball, 56, EV 86.3 MPH)
Pinch Hitting: LHB Ryan Cross 0-0: Ground out 1-3 (Groundball, 13S, EV 62.5 MPH)
Batting: RHB Chad Howe 0-0: Fly out, F8 (Flyball, 8LS, EV 86.3 MPH)
Bottom of the 8th over - 0 runs, 0 hits, 0 errors, 0 left on base; Lake Elsinore 3 - Myrtle Beach 0
TOP OF THE 9TH
Lake Elsinore Storm batting - Pitching for Myrtle Beach Pelicans : RHP Edgar Valdez
Pitching: LHP Luis Silva
Batting: LHB Giovannino Galliano 0-0: Ground out 6-3 (Groundball, 4MD, EV 108.1 MPH)
Batting: RHB Arnout Schavemaker 0-0: Called Strike
0-1: Ball
1-1: Foul Ball, location: 2F
1-2: Fly out, F9 (Flyball, 89XD, EV 98.8 MPH)
Batting: RHB Mick Corrigan 0-0: Called Strike
0-1: Foul Ball, location: 2F
0-2: Ball
1-2: Foul Ball, location: 2F
1-2: Ball
2-2: Foul Ball, location: 2F
2-2: Ball
3-2: SINGLE (Flyball, 4D, EV 94.4 MPH)
Batting: SHB Javier Aviles 0-0: Ball
1-0: Ball
2-0: Swinging Strike
2-1: Fielders Choice at 2nd, 5-4 (Groundball, 56, EV 82.5 MPH)
Top of the 9th over - 0 runs, 1 hit, 0 errors, 1 left on base; Lake Elsinore 3 - Myrtle Beach 0
BOTTOM OF THE 9TH
Myrtle Beach Pelicans batting - Pitching for Lake Elsinore Storm : LHP Justin Dine
Pitching: RHP Isidro Aguirre
Now at 1B: Keith MacDormond
Batting: LHB Dave Wheeler 0-0: Called Strike
0-1: Ball
1-1: Foul Ball, location: 2F
1-2: Strikes out looking
Batting: SHB Eddie Tetzlaff 0-0: Ball
1-0: Foul Ball, location: 2F
1-1: Fly out, F8 (Flyball, 8LXD, EV 102.5 MPH)
Batting: LHB Tony Santiago 0-0: Called Strike
0-1: Ground out 1-3 (Groundball, 34S, EV 72.5 MPH)
Bottom of the 9th over - 0 runs, 0 hits, 0 errors, 0 left on base; Lake Elsinore 3 - Myrtle Beach 0
Thursday, March 31st , 2022 - OOTP Baseball 22.12 Build 89